 Dungeon Crawl Stone Soup version 0.31-a0-614-gc85dc1c48c (webtiles) character file.

Game seed: 9274243062828062591

947 Ijustatesigmund the Stinger (level 8, -1/48 HPs)
             Began as an Octopode Venom Mage on Aug 22, 2023.
             Was an Initiate of Vehumet.
             Slain by an ice beast (13 damage)
             ... on level 5 of the Dungeon.
             The game lasted 00:10:07 (5383 turns).

Ijustatesigmund the Stinger (Octopode Venom Mage)   Turns: 5383, Time: 00:10:08

Health: -1/48      AC:  1    Str:  7    XL:     8   Next: 13%
Magic:  14/14      EV: 18    Int: 26    God:    Vehumet [......]
Gold:   237        SH:  0    Dex: 12    Spells: 4/16 levels left

rFire   . . .        h - +2 flail (protect)
rCold   . . .        (no shield)
rNeg    . . .        (helmet restricted)
rPois   .            (no amulet)
rElec   .            d - +5 ring of evasion
rCorr   .            p - +6 ring of intelligence
SInv    .            (no ring)
Will    .....        (no ring)
Stlth   +++          (no ring)
HPRegen 0.28/turn    (no ring)
MPRegen 0.14/turn    (no ring)
                     (no ring)

%: no passive effects
@: no status effects
A: almost no armour, amphibious, 8 rings, camouflage 1, gelatinous body 1,
(nimble swimmer 1), tentacles
a: Renounce Religion


You were on level 5 of the Dungeon.
You worshipped Vehumet.
Vehumet was noncommittal.
You visited 2 branches of the dungeon, and saw 6 of its levels.

You collected 237 gold pieces.

Inventory:

Hand Weapons
 c - a +2 dagger of speed
 h - a +2 flail of protection (weapon)
Jewellery
 d - a +5 ring of evasion (left tentacle)
 p - a +6 ring of intelligence (right tentacle)
Scrolls
 e - a scroll of enchant armour
 i - a scroll of fog
 j - a scroll of immolation
 k - 2 scrolls of amnesia
 l - a scroll of teleportation
Potions
 a - a potion of magic
 b - 3 potions of haste
 f - 2 potions of attraction
 g - 3 potions of curing
 m - a potion of lignification {unknown}
 o - 2 potions of brilliance {unknown}


   Skills:
 - Level 1.3 Fighting
 - Level 2.0 Dodging
 - Level 2.6 Stealth
 + Level 4.5 Spellcasting
 + Level 4.0 Conjurations
 - Level 1.0 Transmutations
 + Level 4.0 Air Magic
 + Level 6.5 Poison Magic


You had 4 spell levels left.
You knew the following spells:

 Your Spells              Type           Power      Damage    Failure   Level
a - Swiftness             Air            27%        N/A       4%          3
b - Poisonous Vapours     Pois/Air       66%        N/A       1%          2
c - Mephitic Cloud        Conj/Pois/Air  31%        N/A       3%          3
d - Olgreb's Toxic Radia  Pois           40%        N/A       5%          4

Your spell library contained the following spells:

 Spells                   Type           Power      Damage    Failure   Level
 Shock                    Conj/Air       100%       1d9       1%          1
 Sting                    Tmut/Pois      100%       1d8       1%          1
 Apportation              Tloc           10%        N/A       9%          1
 Necrotise                Necr           20%        1d5       9%          1
 Summon Small Mammal      Summ           20%        N/A       9%          1
 Scorch                   Fire           10%        2d5       12%         2
 Airstrike                Air            13%        2d(2-18)  16%         4
 Call Canine Familiar     Summ           5%         N/A       24%         3
 Summon Guardian Golem    Hex/Summ       5%         N/A       24%         3
 Flame Wave               Conj/Fire      16%        2d7       34%         4
 Summon Cactus Giant      Summ           2%         N/A       100%        6


Dungeon Overview and Level Annotations

Branches:
Dungeon (5/15)             Temple (1/1) D:4

Altars:
Ashenzari
Dithmenos
Fedhas
Gozag
Kikubaaqudgha
Makhleb
Okawaru
Qazlal
Trog
Uskayaw
Vehumet
Wu Jian
Xom

Shops:
D:1 (

Annotations:
D:5 2 runed translucent doors, hitsuchi's ghost, amateur MeEE
Temple 2 transporters


Innate Abilities, Weirdness & Mutations

You cannot wear most types of armour.
You are amphibious.
You can wear up to eight rings at the same time.
Your skin changes colour to match your surroundings (Stealth+).
Your rubbery body absorbs attacks. (AC +1, EV +1)
((You are camouflaged when in or above water. (Stealth+)))
You have tentacles for arms and can constrict up to eight enemies at once.


Message History

The ice beast misses you.
You hit the ice beast.
The ice beast is severely wounded.
The ice beast misses you. The ice beast hits you. The ice beast freezes you!
You are too injured to fight recklessly!
You are too injured to fight recklessly!
You are too injured to fight recklessly!
You are too injured to fight recklessly!
You are too injured to fight recklessly!
You are too injured to fight recklessly!
You are too injured to fight recklessly!
You are too injured to fight recklessly!
You barely miss the ice beast.
The ice beast is severely wounded.
The ice beast barely misses you.
You closely miss the ice beast.
The ice beast is severely wounded.
The ice beast hits you. The ice beast freezes you.
* * * LOW HITPOINT WARNING * * *
The ice beast closely misses you.
You thump the ice beast!
Your weapon exudes an aura of protection.
The ice beast is almost dead.
The ice beast misses you.
You barely miss the ice beast.
You squeeze the ice beast, but do no damage.
The ice beast is almost dead.
The ice beast hits you but does no damage.
You closely miss the ice beast. Your squeeze misses the ice beast.
The ice beast is almost dead.
The ice beast completely misses you. The ice beast closely misses you.
You closely miss the ice beast. Your squeeze misses the ice beast.
The ice beast is almost dead.
The ice beast misses you.
You closely miss the ice beast. Your squeeze misses the ice beast.
The ice beast is almost dead.
The ice beast hits you.
* * * LOW HITPOINT WARNING * * *
The ice beast freezes you!
You die...

....###.#........###.###
........#..##.##.##...##
........##......>......#
.........#..........#...
.............#......###.
#.........#.##..## ##
###..#.....##...####.
##..####............
#..@# ##.....##....
#..Y####....####..(#
..............## ###..
....#............### #..
...##..............###..
.## ##.........#.#..#...
.........##.#......
.......##......#...
....#.รท..##.#...


You could see an ice beast.

Vanquished Creatures
  Sigmund (D:5)
  Edmund (D:4)
  A water moccasin (D:4)
  A black bear (D:4)
  2 scorpions (D:5)
  3 hounds
  A jelly (D:4)
  3 iguanas
  An orc wizard (D:4)
  3 gnolls (D:4)
  An adder (D:3)
  2 ufetubi
  5 dart slugs
  11 orcs
  8 endoplasms
  5 giant cockroaches
  7 goblins
  6 hobgoblins
  5 jackals
  2 quokkas
  7 ball pythons
  5 bats
  A frilled lizard (D:1)
  9 kobolds
  5 rats
96 creatures vanquished.

Notes
Turn   | Place    | Note
-------+----------+-------------------------------------------
     0 | D:1      | Ijustatesigmund the Octopode Venom Mage began the quest for
                  | the Orb.
     0 | D:1      | Reached XP level 1. HP: 11/11 MP: 3/3
   529 | D:1      | Reached XP level 2. HP: 18/18 MP: 5/5
   614 | D:1      | Reached skill level 1 in Fighting
   616 | D:1      | Reached skill level 4 in Poison Magic
   708 | D:1      | Reached XP level 3. HP: 23/23 MP: 6/6
   711 | D:1      | Learned a level 2 spell: Poisonous Vapours
   715 | D:1      | Learned a level 3 spell: Mephitic Cloud
   897 | D:1      | Found Essog's Antique Weapon Boutique.
  1017 | D:1      | Found a faded altar of an unknown god.
  2017 | D:3      | Reached XP level 4. HP: 28/28 MP: 7/7
  2017 | D:3      | Identified a scroll of acquirement
  2017 | D:3      | Acquired a +5 ring of evasion
  2481 | D:3      | Reached skill level 1 in Air Magic
  2579 | D:3      | Reached skill level 1 in Conjurations
  3055 | D:4      | Found an ancient bone altar of Kikubaaqudgha.
  3158 | D:4      | Noticed a black bear
  3167 | D:4      | Killed a black bear
  3168 | D:4      | Reached XP level 5. HP: 33/33 MP: 4/9
  3263 | D:4      | HP: 1/33 [frozen (4)]
  3559 | D:4      | Noticed a water moccasin
  3578 | D:4      | Killed a water moccasin
  3579 | D:4      | Reached skill level 5 in Poison Magic
  3579 | D:4      | Reached XP level 6. HP: 21/38 MP: 9/11
  3584 | D:4      | Learned a level 4 spell: Olgreb's Toxic Radiance
  3663 | D:4      | Found a staircase to the Ecumenical Temple.
  3848 | Temple   | Found a transporter.
  3848 | Temple   | Found a transporter.
  3848 | Temple   | Found a transporter.
  3848 | Temple   | Found a transporter.
  3848 | Temple   | Entered the Ecumenical Temple
  3883 | Temple   | Became a worshipper of Vehumet
  3913 | D:4      | Found a shadowy altar of Dithmenos.
  4219 | D:4      | Reached XP level 7. HP: 40/43 MP: 12/12
  4251 | D:4      | Found an ornate altar of the Wu Jian Council.
  4311 | D:4      | Found a hide-covered altar of Uskayaw.
  4398 | D:4      | Noticed Edmund
  4415 | D:4      | HP: 1/43 [Edmund/+2 flail of protection (15)]
  4421 | D:4      | Killed Edmund
  4632 | D:5      | Entered Level 5 of the Dungeon
  4632 | D:5      | Noticed Sigmund
  4637 | D:5      | Reached skill level 6 in Poison Magic
  4638 | D:5      | Killed Sigmund
  4694 | D:5      | Found a runed translucent door.
  4700 | D:5      | Noticed hitsuchi's ghost (amateur MeEE)
  4762 | D:5      | Reached XP level 8. HP: 48/48 MP: 11/14
  4772 | D:5      | HP: 2/48 [water moccasin (6)]
  5050 | D:5      | Found a shimmering altar of Xom.
  5150 | D:5      | Found an opulent altar of Gozag.
  5252 | D:5      | Found a runed translucent door.
  5257 | D:5      | Learned a level 3 spell: Swiftness
  5383 | D:5      | Slain by an ice beast

Illustrated notes

Levels and vault maps discovered:
D:1:      sevenhm_arrival_forest_fort_small_5, layout_loops_cross,
          chequers_ecumenical_altar_lobes, serial_shops, shop
D:2:      layout_basic
D:3:      layout_basic, grunt_ministairs_9, eino_curves_03, hex_intersection,
          hangedman_decor_slide_cut
D:4:      layout_basic, mainiacjoe_overflow_alcove_2,
          grunt_dithmenos_smoke_and_mirrors, marbit_many_paths,
          mainiacjoe_overflow_boulevard, minmay_temple_entry_large_hall,
          uniq_edmund
D:5:      layout_cave_pools, mainiacjoe_overflow_alcove_1,
          chequers_temple_overflow_statue_of_worship,
          mainiacjoe_overflow_catwalk, serial_shops,
          nicolae_shop_back_alley_shop, ebering_ghost_sewer_f, uniq_sigmund
Temple:   hellmonk_temple_divided_pantheon

Skill      XL: |  1  2  3  4  5  6  7  8 |
---------------+-------------------------+-----
Fighting       | 1 |  1.3
Poison Magic   | 4 5 6 |  6.5
Air Magic      | 1 2 3 4 |  4.0
Conjurations   | 1 2 3 4 |  4.0
Spellcasting   | 3 4 |  4.5
Dodging        | |  2.0
Stealth        | |  2.6
Transmutations | |  1.0

Action                     |  1- 3 |  4- 6 |  7- 9 || total
---------------------------+-------+-------+-------++-------
  Melee: Unarmed           |    19 |       |       ||    19
         Constrict         |    19 |    14 |     8 ||    41
         Tentacles         |    18 |    18 |    18 ||    54
         Dagger            |    63 |    75 |    20 ||   158
         Punch             |     1 |     1 |       ||     2
         Flail             |       |       |    39 ||    39
   Cast: Sting             |     1 |     2 |       ||     3
         Poisonous Vapours |     6 |    10 |     5 ||    21
         Mephitic Cloud    |       |     1 |       ||     1
         Olgreb's Toxic Ra |       |     1 |     4 ||     5
    Use: Scroll            |     7 |     7 |     1 ||    15
         Potion            |       |     1 |     2 ||     3
   Stab: Sleeping          |    12 |     6 |     4 ||    22
 Armour: Skin              |     2 |     2 |     6 ||    10
  Dodge: Dodged            |    44 |    43 |    58 ||   145

Table legend: (Time is in decaauts)
 A = Elapsed time spent in this place.
 B = Non-inter-level travel time spent in this place.
 C = Inter-level travel time spent in this place.
 D = Time resting spent in this place.
 E = Time spent auto-exploring this place.
 F = Levels seen in this place.
 G = Mean time per level.
                   A        B        C        D        E       F      G
               +--------+--------+--------+--------+--------+-----+--------+
         Total |   5343 |   5214 |    129 |   1237 |   3201 |   6 |  890.5 |
       Dungeon |   5286 |   5157 |    129 |   1237 |   3201 |   5 | 1057.2 |
        Temple |     56 |     56 |      0 |      0 |      0 |   1 |   56.0 |
               +--------+--------+--------+--------+--------+-----+--------+

Top non-repeatable levels by time:
     D:4: 1770 daAuts
     D:3: 1180 daAuts
     D:1: 1048 daAuts
     D:2: 765 daAuts
     D:5: 522 daAuts
  Temple: 56 daAuts
